 Dungeon Crawl Stone Soup version 0.25.1-8-g42b30a86e7 (webtiles) character file.

Game seed: 9611631928742774637

77 funkygono the Covered (level 4, -4/40 HPs)
             Began as a Minotaur Fighter on Dec 20, 2020.
             Killed by divine providence
             ... invoked by an orc priest
              (10 damage)
             ... on level 3 of the Dungeon.
             The game lasted 00:03:18 (1861 turns).

funkygono the Covered (Minotaur Fighter)            Turns: 1861, Time: 00:03:19

Health: -4/40      AC:  9    Str: 21    XL:     4   Next: 14%
Magic:  3/3        EV:  8    Int:  5    God:
Gold:   62         SH:  9    Dex: 10    Spells: 3/3 levels left

rFire    . . .     SeeInvis .   m - +0 whip
rCold    . . .     Gourm    .   c - +0 kite shield
rNeg     . . .     Faith    .   b - +0 scale mail
rPois    .         Spirit   .   (helmet restricted)
rElec    .         Reflect  .   (no cloak)
rCorr    .         Harm     .   h - +1 pair of gloves
MR       .....                  (no boots)
Stlth    ..........             (no amulet)
HPRegen  0.13/turn              (no ring)
MPRegen  0.08/turn              (no ring)

@: mighty
A: retaliatory headbutt, horns 2
a: no special abilities


You were on level 3 of the Dungeon.
You were not hungry.

You visited 1 branch of the dungeon, and saw 3 of its levels.

You collected 62 gold pieces.

Inventory:

Hand Weapons
 a - a +0 flail
 m - a +0 whip (weapon)
Missiles
 j - 14 sling bullets
 k - 84 stones
 q - 7 javelins (quivered)
 t - 6 poisoned darts
Armour
 b - a +0 scale mail (worn)
 c - a +0 kite shield (worn)
 h - a +1 pair of gloves (worn)
Wands
 r - a wand of enslavement (7)
Potions
 e - a potion of curing {unknown}
 i - 2 potions of haste {unknown}
 l - 2 potions of lignification {unknown}
 n - a potion of invisibility {unknown}
 o - 2 potions of magic {unknown}
 s - a potion of stabbing {unknown}
Comestibles
 f - 7 rations
 g - 2 chunks of flesh


   Skills:
 + Level 4.1 Fighting
 + Level 3.4 Maces & Flails
 + Level 4.2 Armour
 + Level 1.2 Dodging
 + Level 4.2 Shields


You had 3 spell levels left.
You didn't know any spells.
Your spell library was empty.

Dungeon Overview and Level Annotations

Branches:
Dungeon (3/15)

Altars:


Innate Abilities, Weirdness & Mutations

You reflexively headbutt those who attack you in melee.
You have a pair of horns on your head.


Message History

The worker ant bites you.
The orc priest hits you with a +0 dagger.
* * * LOW HITPOINT WARNING * * *
You barely miss the worker ant.
You headbutt the worker ant, but do no damage.
The worker ant is lightly wounded.
The worker ant bites you but does no damage.
The orc priest hits you with a +0 dagger.
* * * LOW HITPOINT WARNING * * *
You feel very mighty all of a sudden.
The worker ant bites you but does no damage.
An orc comes into view. It is wielding a +0 falchion.
The worker ant bites you but does no damage.
The orc priest hits you but does no damage.
You hit the worker ant.
The worker ant is moderately wounded.
You block the worker ant's attack.
The orc priest calls down the wrath of Beogh upon you.
Beogh smites you!
You die...

##....# ##.....##
###.......##
#.(........
#.#.......
##........
#........######o##
.(.......a@oolgooo
#......<.######o##
##....#..# #.#.
#..# . # #...
...## #####


You could see a worker ant, an orc priest, 6 orcs, a hobgoblin and a frilled
lizard.

Vanquished Creatures
  2 adders (D:2)
  5 dart slugs
  3 leopard geckos
  2 orcs (D:3)
  A giant cockroach (D:1)
  3 goblins (D:1)
  7 hobgoblins
  9 kobolds
  4 bats
  A frilled lizard (D:1)
  7 rats
44 creatures vanquished.

Notes
Turn   | Place    | Note
-------+----------+-------------------------------------------
     0 | D:1      | funkygono the Minotaur Fighter began the quest for the Orb.
     0 | D:1      | Reached XP level 1. HP: 19/19 MP: 0/0
   253 | D:1      | Reached XP level 2. HP: 27/27 MP: 1/1
   578 | D:1      | Reached XP level 3. HP: 26/33 MP: 2/2
  1408 | D:2      | Reached skill level 1 in Dodging
  1442 | D:2      | Reached XP level 4. HP: 35/40 MP: 3/3
  1861 | D:3      | Killed from afar by an orc priest

Illustrated notes

Levels and vault maps discovered:
D:1:      dpeg_arrival_short_road, layout_rooms
D:2:      layout_loops_ring, serial_forest, infiniplex_forest_end_2,
          infiniplex_forest_side_room, infiniplex_forest_clump_double,
          infiniplex_forest_straight_2, infiniplex_forest_diagonal,
          infiniplex_forest_lined_corner, infiniplex_forest_straight_1,
          minmay_misc_feat_ornament
D:3:      layout_loops_ring, uniq_jessica

Skill      XL: |  1  2  3 |
---------------+----------+-----
Armour         | 4 |  4.2
Shields        | 4 |  4.2
Fighting       | 4 |  4.1
Maces & Flails | 3 |  3.4
Dodging        | 1 |  1.2

Action                   |  1- 3 |  4- 6 || total
-------------------------+-------+-------++-------
Melee: Flail             |    38 |       ||    38
       Headbutt          |    16 |     5 ||    21
       Whip              |    62 |    15 ||    77
Throw: Javelin           |     5 |     1 ||     6
       Stone             |     5 |       ||     5
Evoke: Wand              |       |     1 ||     1
  Use: Scroll            |     3 |     1 ||     4
       Potion            |       |     1 ||     1
  Eat: Chunk             |     2 |     1 ||     3
Armor: Scale mail        |    58 |     5 ||    63
Dodge: Dodged            |    35 |       ||    35
Block: Kite shield       |    50 |     5 ||    55
